 Dungeon Crawl Stone Soup version 0.29-a0-284-gf9362112df (webtiles) character file.

Game seed: 16569091081785240986

203 Oblizorion the Chopper (level 5, 0/47 HPs)
             Began as a Hill Orc Fighter on Mar 30, 2022.
             Killed from afar by Natasha (6 damage)
             ... with a puff of flame
             ... on level 3 of the Dungeon.
             The game lasted 00:15:10 (2973 turns).

Oblizorion the Chopper (Hill Orc Fighter)           Turns: 2973, Time: 00:15:11

Health: 0/47       AC:  9    Str: 21    XL:     5   Next: 81%
Magic:  5/5        EV: 10    Int:  8    God:
Gold:   79         SH:  5    Dex: 10    Spells: 3/4 levels left

rFire   . . .      SeeInvis .   a - +2 war axe
rCold   + . .      Faith    .   c - +1 buckler
rNeg    . . .      Spirit   .   b - +0 swamp dragon scales
rPois   +          Reflect  .   (no helmet)
rElec   .          Harm     .   (no cloak)
rCorr   .          Rampage  .   m - +0 pair of gloves
Will    .....                   (no boots)
Stlth   ..........              (no amulet)
HPRegen 0.15/turn               e - ring of protection from cold
MPRegen 0.09/turn               (no ring)

@: no status effects
A: no striking features
a: no special abilities


You were on level 3 of the Dungeon.
You visited 1 branch of the dungeon, and saw 3 of its levels.

You collected 79 gold pieces.

Inventory:

Hand Weapons
 a - a +2 war axe (weapon)
 j - a +3 dagger of speed
Missiles
 h - 12 stones
Armour
 b - +0 swamp dragon scales (worn)
 c - a +1 buckler (worn)
 m - a +0 pair of gloves (worn)
Jewellery
 e - a ring of protection from cold (left hand)
Wands
 i - a wand of iceblast (17) (quivered)
Potions
 d - a potion of might
 f - a potion of haste
 g - a potion of heal wounds {unknown}
 l - a potion of brilliance {unknown}
 n - a potion of berserk rage {unknown}


   Skills:
 + Level 4.6 Fighting
 + Level 4.8 Axes
 + Level 0.1 Throwing
 + Level 4.1 Armour
 + Level 1.1 Dodging
 + Level 4.2 Shields


You had 3 spell levels left.
You knew the following spells:

 Your Spells              Type           Power      Damage    Failure   Level
a - Foxfire               Conj/Fire      0%         2x1d4     67%         1

Your spell library contained the following spells:

 Spells                   Type           Power      Damage    Failure   Level
 Beastly Appendage        Tmut           0%         N/A       67%         1
 Summon Small Mammal      Summ           0%         N/A       67%         1
 Corpse Rot               Necr/Air       0%         N/A       80%         2
 Poisonous Vapours        Pois/Air       0%         N/A       80%         2
 Wereblood                Tmut           0%         N/A       80%         2
 Call Canine Familiar     Summ           0%         N/A       95%         3
 Inner Flame              Hex/Fire       0%         N/A       95%         3
 Spider Form              Tmut/Pois      0%         N/A       95%         3
 Summon Guardian Golem    Hex/Summ       0%         N/A       95%         3
 Dispel Undead            Necr           0%         3d6       100%        4


Dungeon Overview and Level Annotations

Branches:
Dungeon (3/15)

Altars:

Annotations:
D:3 Natasha


Message History

You hit Ijyb.
Ijyb is moderately wounded.
Ijyb hits you but does no damage.
Ijyb hits you with a +3 dagger of speed.
You block Ijyb's attack.
You hit Ijyb.
Ijyb is severely wounded.
Ijyb hits you but does no damage.
You barely miss Ijyb.
Ijyb is severely wounded.
Ijyb hits you but does no damage.
Ijyb hits you with a +3 dagger of speed.
* * * LOW HITPOINT WARNING * * *
Ijyb hits you with a +3 dagger of speed.
* * * LOW HITPOINT WARNING * * *
Aiming: Iceblast
Press: ? - help, Q - select action, (/) - cycle Shift-Dir - straight line The mass of ice explodes!
The iceblast engulfs Ijyb!
You kill Ijyb!
Unknown command.
i - a wand of iceblast (17) (gained 10 charges)
Things that are here:
a +3 dagger of speed; a +0 ring mail of fire resistance
j - a +3 dagger of speed;
k - a +0 ring mail of fire resistance You drop a +0 ring mail of fire resistance.
You start resting.
Natasha, Servant of Life and Death comes into view.
She is carrying a wand of flame (11).
You see here 11 stones.
Natasha hisses angrily.
Natasha zaps a wand.
The puff of flame hits you.
* * * LOW HITPOINT WARNING * * *
Natasha zaps a wand.
The puff of flame hits you but does no damage.
Natasha stares at you and mumbles some strange words.
The magic dart hits you.
* * * LOW HITPOINT WARNING * * *
Natasha casts a spell.
There is a stone staircase leading up here.
Natasha zaps a wand.
The puff of flame hits you.
You die...

..####.............##
....................##
..........h..........#
......#..............#
......#>.............#
......#####..........#
......†####........>.#
....................##
......#####.....@....#
####### #..........#
#..........#
#..........#
#..........#
##........##
##......## ########


You could see Natasha.

Vanquished Creatures
  Terence (D:2)
  Natasha (twice) (D:3)
  Ijyb (D:3)
  4 adders
  4 dart slugs
  2 orcs (D:3)
  6 endoplasms
  4 goblins
  5 hobgoblins
  3 jackals (D:3)
  4 quokkas
  6 ball pythons
  8 bats
  A frilled lizard (D:3)
  2 kobolds
  3 rats
56 creatures vanquished.

Vanquished Creatures (others)
  A quokka (D:3)
1 creature vanquished.

Grand Total: 57 creatures vanquished

Notes
Turn   | Place    | Note
-------+----------+-------------------------------------------
     0 | D:1      | Oblizorion the Hill Orc Fighter began the quest for the
                  | Orb.
     0 | D:1      | Reached XP level 1. HP: 19/19 MP: 1/1
   382 | D:1      | Reached XP level 2. HP: 27/27 MP: 2/2
  1038 | D:2      | Found a faded altar of an unknown god.
  1074 | D:2      | Reached XP level 3. HP: 32/33 MP: 3/3
  1094 | D:2      | Noticed Terence
  1114 | D:2      | Killed Terence
  1223 | D:2      | Reached XP level 4. HP: 40/40 MP: 4/4
  1475 | D:2      | Got Sif Muna's Compendium of Stolen Souls and Ignition
  2142 | D:3      | Reached skill level 1 in Dodging
  2142 | D:3      | Reached XP level 5. HP: 47/47 MP: 5/5
  2173 | D:3      | Learned a level 1 spell: Foxfire
  2276 | D:3      | Noticed Ijyb
  2280 | D:3      | Noticed Natasha
  2728 | D:3      | Killed Natasha
  2767 | D:3      | Noticed Natasha
  2781 | D:3      | Killed Natasha
  2947 | D:3      | Killed Ijyb
  2955 | D:3      | Noticed Natasha
  2973 | D:3      | Killed from afar by Natasha

Illustrated notes

Levels and vault maps discovered:
D:1:      dpeg_arrival_rhombi, layout_loops_ring, due_unseen_surprise
D:2:      layout_basic, nicolae_ecumenical_oubliette, uniq_terence
D:3:      layout_rooms, uniq_crazy_yiuf_cottage, uniq_ijyb, uniq_natasha

Skill      XL: |  1  2  3  4  5 |
---------------+----------------+-----
Axes           | 3 4 |  4.8
Fighting       | 4 |  4.6
Dodging        | 1 |  1.1
Armour         | 4 |  4.1
Shields        | 4 |  4.2
Throwing       | |  0.1

Action                   |  1- 3 |  4- 6 || total
-------------------------+-------+-------++-------
Melee: War axe           |    78 |    99 ||   177
Throw: Stone             |       |     8 ||     8
Evoke: Wand              |       |     4 ||     4
  Use: Scroll            |     5 |     8 ||    13
Armor: Scale mail        |    35 |    31 ||    66
       Swamp dragon scal |       |    40 ||    40
Dodge: Dodged            |    43 |    52 ||    95
Block: Buckler           |    29 |    32 ||    61

Table legend: (Time is in decaauts)
 A = Elapsed time spent in this place.
 B = Non-inter-level travel time spent in this place.
 C = Inter-level travel time spent in this place.
 D = Time resting spent in this place.
 E = Time spent auto-exploring this place.
 F = Levels seen in this place.
 G = Mean time per level.
                   A        B        C        D        E       F      G
               +--------+--------+--------+--------+--------+-----+--------+
         Total |   3037 |   2868 |    169 |   1083 |    839 |   3 | 1012.3 |
       Dungeon |   3037 |   2868 |    169 |   1083 |    839 |   3 | 1012.3 |
               +--------+--------+--------+--------+--------+-----+--------+

Top non-repeatable levels by time:
     D:2: 1183 daAuts
     D:1: 1080 daAuts
     D:3: 773 daAuts
